 Dungeon Crawl Stone Soup version 0.27-a0-1158-gaa87e14f67 (webtiles) character file.

Game seed: 17351079803215671981

72 freelancePsychic the Digger (level 4, 0/24 HPs)
             Began as a Gargoyle Earth Elementalist on May 15, 2021.
             Was an Initiate of Vehumet.
             Slain by Ijyb
             ... wielding a +0 club
              (1 damage)
             ... on level 2 of the Dungeon.
             The game lasted 00:06:16 (2566 turns).

freelancePsychic the Digger (GrEE)                  Turns: 2566, Time: 00:06:16

Health: 0/24       AC:  5    Str: 17    XL:     4   Next: 26%
Magic:  1/7        EV: 11    Int: 17    God:    Vehumet [......]
Gold:   111        SH:  0    Dex: 10    Spells: 3/7 levels left

rFire    . . .     SeeInvis .   a - +0 short sword
rCold    . . .     Faith    .   (no shield)
rNeg     + . .     Spirit   .   c - +0 robe
rPois    ∞         Reflect  .   (no helmet)
rElec    +         Harm     .   (no cloak)
rCorr    .         Rampage  .   (no gloves)
Will     .....                  (no boots)
Stlth    ++........             (no amulet)
HPRegen  0.08/turn              f - +6 ring of strength
MPRegen  0.10/turn              (no ring)

@: no status effects
A: sickness immunity, AC +3, negative energy resistance 1, electricity
resistance, torment resistance 1, petrification resistance
a: Renounce Religion


You were on level 2 of the Dungeon.
You worshipped Vehumet.
Vehumet was noncommittal.
You visited 1 branch of the dungeon, and saw 3 of its levels.

You collected 111 gold pieces.

Inventory:

Hand Weapons
 a - a +0 short sword (weapon)
Missiles
 b - 10 stones
Armour
 c - a +0 robe (worn)
Jewellery
 f - a +6 ring of strength (left hand)
Scrolls
 d - a scroll of holy word {unknown}
 e - a scroll of teleportation {unknown}
 g - a scroll of fog {unknown}


   Skills:
 - Level 1.5 Dodging
 - Level 2.1 Stealth
 - Level 2.0 Spellcasting
 + Level 2.8 Conjurations
 - Level 0.7 Transmutations
 + Level 4.9 Earth Magic


You had 3 spell levels left.
You knew the following spells:

 Your Spells              Type           Power      Damage    Failure   Level
a - Sandblast             Erth           36%        2d10      2%          1
b - Stone Arrow           Conj/Erth      28%        3d8       12%         3

Your spell library contained the following spells:

 Spells                   Type           Power      Damage    Failure   Level
 Passwall                 Tmut/Erth      9%         N/A       9%          2
 Petrify                  Tmut/Erth      11%        N/A       52%         4
 Lee's Rapid Deconstruct  Erth           9%         3d8*      56%         5


Dungeon Overview and Level Annotations

Branches:
Dungeon (3/15)

Altars:
Vehumet

Shops:
D:1 :

Annotations:
D:2 Ijyb
D:3 Jessica


Innate Abilities, Weirdness & Mutations

You are immune to sickness and miasma.
Your stone body is resilient. (AC +3)
You are immune to poison.
You resist negative energy. (rN+)
You are resistant to electric shocks. (rElec)
You are resistant to unholy torment.
You are immune to petrification.


Message History

There is a stone staircase leading up here.
Ijyb closely misses you.
You climb upwards.
There is a stone staircase leading down here.
Casting: Sandblast (safe; 2% risk of failure)
Confirm with . or Enter, or press ? or * to list all spells.
Aiming: Sandblast (safe; 2% risk of failure)
Press: ? - help, Shift-Dir - straight line, f - Ijyb
Aim: Ijyb, wielding a +0 club, wearing a +0 leather armour and carrying a wand of charming (2) (moderately wounded, 74% to hit)
Okay, then.
Casting: Sandblast (safe; 2% risk of failure)
Confirm with . or Enter, or press ? or * to list all spells.
The spell is quite dangerous to cast (12% risk of failure)!
Continue anyway?
Aiming: Stone Arrow (quite dangerous; 12% risk of failure)
Press: ? - help, Shift-Dir - straight line, f - Ijyb
Aim: Ijyb, wielding a +0 club, wearing a +0 leather armour and carrying a wand of charming (2) (moderately wounded, 60% to hit)
The stone arrow misses Ijyb.
Ijyb zaps a wand.
You resist with some effort.
Casting: Stone Arrow (quite dangerous; 12% risk of failure)
Confirm with . or Enter, or press ? or * to list all spells.
The spell is quite dangerous to cast (12% risk of failure)!
Continue anyway?
Aiming: Stone Arrow (quite dangerous; 12% risk of failure)
Press: ? - help, Shift-Dir - straight line, f/p - Ijyb
Aim: Ijyb, wielding a +0 club, wearing a +0 leather armour and carrying a wand of charming (1) (moderately wounded, 60% to hit)
The stone arrow hits Ijyb!
Ijyb is heavily wounded.
Ijyb hits you with a +0 club.
* * * LOW HITPOINT WARNING * * *
Ijyb zaps a wand.
Your will is overpowered!
You are confused.
The now-empty wand crumbles to dust.
You bump into the rock wall.
You bump into the rock wall.
Ijyb closely misses you.
You're too confused to move!
Ijyb hits you with a +0 club.
* * * LOW HITPOINT WARNING * * *
You bump into the rock wall.
You feel less confused. Ijyb hits you with a +0 club.
You die...

######### ######
#.......# #.....
###.#####.# #.#...
#@......#.###.....
#g#.##............
#.#.....#.###.....
#>#..##.#.# #.#...
########.#.......#
#.....
#..............###
######
#.#########.####
#.# ####...#
####### #.#
#....##### #.....#


You could see Ijyb.

Vanquished Creatures
  2 adders (D:2)
  A worm (D:2)
  A dart slug (D:1)
  4 bats (D:1)
  3 endoplasms (D:1)
  3 giant cockroaches
  4 goblins
  6 hobgoblins
  4 jackals (D:2)
  7 kobolds
  A quokka (D:1)
  3 ball pythons
  2 frilled lizards
  3 rats
44 creatures vanquished.

Notes
Turn   | Place    | Note
-------+----------+-------------------------------------------
     0 | D:1      | freelancePsychic the Gargoyle Earth Elementalist began the
                  | quest for the Orb.
     0 | D:1      | Reached XP level 1. HP: 10/10 MP: 3/3
   375 | D:1      | Reached skill level 1 in Conjurations
   375 | D:1      | Reached skill level 4 in Earth Magic
   375 | D:1      | Reached XP level 2. HP: 9/15 MP: 0/5
   789 | D:1      | Reached XP level 3. HP: 12/19 MP: 0/6
  1023 | D:1      | Found Joerph's Book Boutique.
  1356 | D:1      | Learned a level 3 spell: Stone Arrow
  1559 | D:2      | Found a radiant altar of Vehumet.
  1567 | D:2      | Became a worshipper of Vehumet
  1673 | D:2      | Found a faded altar of an unknown god.
  1836 | D:2      | Reached XP level 4. HP: 24/24 MP: 5/7
  2522 | D:3      | Noticed Ijyb
  2525 | D:3      | Noticed Jessica
  2563 | D:2      | HP: 1/24 [Ijyb/+0 club (6)]
  2566 | D:2      | Slain by Ijyb

Illustrated notes

Levels and vault maps discovered:
D:1:      dpeg_arrival_boxorama, layout_rooms, serial_shops, nicolae_shop_trees,
          minmay_tree_intersection, chequers_serial_rivers_small_3
D:2:      layout_loops_cross, basic_altar,
          hellmonk_ecumenical_altar_arch_garden, minivault_4, minmay_domino_2
D:3:      layout_loops_ring, uniq_ijyb, uniq_natasha, uniq_jessica

Skill      XL: |  1  2  3 |
---------------+----------+-----
Conjurations   | 1 2 |  2.8
Earth Magic    | 4 |  4.9
Dodging        | |  1.5
Stealth        | |  2.1
Spellcasting   | |  2.0
Transmutations | |  0.7

Action                   |  1- 3 |  4- 6 || total
-------------------------+-------+-------++-------
Melee: Unarmed           |     4 |       ||     4
       Short sword       |    24 |    13 ||    37
 Cast: Sandblast         |    49 |    20 ||    69
       Stone Arrow       |       |     2 ||     2
 Stab: Sleeping          |     3 |     2 ||     5
Armor: Robe              |    12 |    10 ||    22
Dodge: Dodged            |    37 |    20 ||    57

Table legend: (Time is in decaauts)
 A = Elapsed time spent in this place.
 B = Non-inter-level travel time spent in this place.
 C = Inter-level travel time spent in this place.
 D = Time resting spent in this place.
 E = Time spent auto-exploring this place.
 F = Levels seen in this place.
 G = Mean time per level.
                   A        B        C        D        E       F      G
               +--------+--------+--------+--------+--------+-----+--------+
         Total |   2573 |   2527 |     46 |    103 |   2014 |   3 |  857.7 |
       Dungeon |   2573 |   2527 |     46 |    103 |   2014 |   3 |  857.7 |
               +--------+--------+--------+--------+--------+-----+--------+

Top non-repeatable levels by time:
     D:1: 1370 daAuts
     D:2: 1157 daAuts
     D:3: 45 daAuts
